Arrhythmia, chaotic female vampiric Convict -------- ---------- |......| |........| |......| |......).| |......| --------- |........| ##-......| |.......-# |.....%%.| # ------.- |.......|# |......)..# # # |.......|# -------%--# # # |.......|### # # # # # ##-.......| # #q# # # # # --------- ### @ # # # # ### # _ # -|---# # # ###-------|--- ####..(.|# # ### #..........| ###|....# ## # |.........| ###....|######## ###### |......... ### ---.-# -.----- |......... # ### |^....| ---------- |...#.| ------- Arrhythmia the Jail-bird Experience level: 8 Strength: 15 Dexterity: 12 Constitution: 16 Intelligence: 10 Wisdom: 12 Charisma: 10 Health: 0(60) Energy: 59(59) AC: 7 Gold: 677 Moves: 4810 Your Inventory: Coins $ - 677 gold pieces Armor b - a cursed +0 striped shirt (being worn) i - an [uncursed] +1 mummy wrapping (being worn) L - an [uncursed] +0 pair of hard shoes [of brilliance (iron)] (being worn) Scrolls y - an [uncursed] scroll labeled ZELGO MER [of food detection] z - an [uncursed] scroll labeled EIRIS SAZUN IDISI [of create monster] A - a [blessed] scroll labeled KIRJE [of enchant armor] I - a [blessed] scroll labeled ZLORFIK [of light] J - an [uncursed] scroll labeled AQUE BRAGH [of identify] K - a [blessed] scroll labeled FNORD [of flood] Wands x - an [uncursed] wand called Nohold [of make invisible (0:7)] H - an [uncursed] wand called Nohold [of make invisible (0:4)] Tools f - an [uncursed] bag called sack [sack] n - an [uncursed] skeleton key o - an [uncursed] towel w - an [uncursed tallow] candle Iron balls c - an [uncursed] heavy iron ball (chained to you) (weapon in hand) Contents of the sack: an [uncursed] scroll labeled HACKEM MUCHE [of scare monster] an [uncursed] scroll labeled ZLORFIK [of light] an [uncursed] wand called Nohold [of make invisible (0:3)] an [uncursed] brass lantern Spells known in the end: Name Level Category Fail Memory Your skills at the end: Fighting Skills Weapon Skills sling [Basic / Skilled] Spellcasting Skills Final Attributes: You were piously aligned. Hunger level was 283. Your alignment was 33 / 34. Monster difficulty range was 1 - 8. Level difficulty was 9. You were immune to poison. You were immune to level-drain. You were immune to sickness. You were punished. You could fly. You could survive without air. You regenerated. Your luck was zero. You are dead. Vanquished creatures: a small mimic a large dog an iron piercer a giant spider a rust monster a blue jelly 2 dust vortices 2 human zombies a rope golem 6 Uruk-hai an orc shaman 3 rock piercers 2 rock moles a fog cloud 2 yellow lights 2 gnome lords a kobold mummy a giant ant a little dog 3 floating eyes a kobold lord a kobold shaman 3 hill orcs a rothe a rabid rat a giant bat a monkey 5 iguanas 12 killer bees 2 acid blobs a gas spore a hobbit 6 manes a large kobold 2 giant rats a cave spider 6 geckos 4 jackals 2 foxes a kobold 2 sewer rats 6 grid bugs 2 bats 2 kobold zombies 6 newts 105 creatures vanquished. Voluntary challenges: You went without food. You never hit with a wielded weapon. You read items or engraved 3 times. You put on armor 3 times. You never genocided any monsters. You never polymorphed an object. You never changed form. You used no wishes. You abstained from Elbereth's help. You never encountered a bones level. You never used any Sokoban shortcuts. Dungeon overview: The Dungeons of Doom: levels 1 to 9 Level 1 a long staircase Level 2 a tool shop a long staircase Level 3 an altar to Tymora, a fountain Level 4 many fountains Level 5 a fountain Level 6 a fountain Level 7 a delicatessen Level 8 many fountains Level 9 <- You were here a sink a long staircase History has recorded: On T:1 you entered the Dungeons of Doom to retrieve the Amulet of Yendor! On T:647 you reached level 2 of The Dungeons of Doom. On T:742 you advanced to experience level 2. On T:881 you reached level 3 of The Dungeons of Doom. On T:897 you advanced to experience level 3. On T:1283 you advanced to experience level 4. On T:1422 you reached level 4 of The Dungeons of Doom. On T:1550 you advanced to experience level 5. On T:1967 you advanced to experience level 6. On T:2193 you reached level 5 of The Dungeons of Doom. On T:2544 you advanced to experience level 7. On T:3006 you reached level 6 of The Dungeons of Doom. On T:3337 you reached level 7 of The Dungeons of Doom. On T:4123 you reached level 8 of The Dungeons of Doom. On T:4261 you advanced to experience level 8. On T:4469 you reached level 9 of The Dungeons of Doom. Latest messages: You begin bashing monsters with your bare hands. You hit the rock piercer. You bite the rock piercer. You feed on the lifeblood. The rock piercer suddenly seems weaker! c - a heavy iron ball (chained to you) (weapon in hand). You begin bashing monsters with your heavy iron ball. You miss the rock piercer. (2x) You kill the rock piercer! You miss the leocrotta. (2x) The leocrotta hits! The leocrotta bites! The leocrotta hits! [HP-23=37] You hit the leocrotta! You miss the leocrotta. The leocrotta hits! The leocrotta bites! The leocrotta hits! (2x) The leocrotta bites! The leocrotta hits! You die... Final status: Goodbye Arrhythmia the Convict... You died in The Dungeons of Doom on dungeon level 9 with 6580 points, and 677 pieces of gold, after 4810 moves. You were level 8 with a maximum of 60 hit points when you died.